Map: [ESL] Solaris

Players

SKillous

  • Race: Protoss Protoss
  • League: Diamond
  • Spawn Location: 1:00

Serral - Winner!

  • Race: Zerg Zerg
  • Spawn Location: 7:00

Event: IEM Katowice 2024

VOD

Have the link to the VOD?

Description

Time

  • Played on: Feb. 9, 2024, 11:14 a.m.
  • Length: 11:43

All games in this series

Show
View Real Time Build Order
Export as new Build Order

SKillous Protoss 

Build Orders: 1 Gate Expand 

Get SALT Encoding   

  12  0:00  Probe  
  13  0:12  Probe  
  14  0:19  Pylon  
  14  0:24  Probe  
  15  0:37  Probe (Chrono Boost)  
  15  0:40  Gateway  
  16  0:47  Probe (Chrono Boost)  
  17  0:50  Assimilator  
  17  0:52  Probe (Chrono Boost)  
  18  1:04  Probe  
  19  1:23  Nexus  
  19  1:32  Cybernetics Core  
  19  1:35  Probe  
  20  1:47  Pylon  
  20  1:48  Probe  
  21  2:00  Probe  
  22  2:02  Warp Gate (Chrono Boost)  
  22  2:05  Stalker (Chrono Boost)  
  24  2:11  Gateway  
  24  2:15  Probe  
  25  2:27  Adept, Probe  
  28  2:36  Probe  
  29  2:40  Gateway  
  29  2:41  Probe  
  30  2:48  Probe  
  30  2:49  Assimilator  
  31  2:53  Probe  
  34  2:59  Adept (Chrono Boost)  
  34  3:03  Probe, Adept (Chrono Boost)  
  37  3:06  Probe  
  37  3:11  Pylon  
  38  3:15  Probe  
  38  3:18  Probe  
  40  3:27  Probe  
  40  3:30  Probe  
  42  3:37  Adept x3  
  42  3:39  Probe  
  42  3:40  Pylon  
  49  3:43  Probe  
  49  3:46  Robotics Facility  
  50  3:54  Probe (Chrono Boost)  
  51  3:57  Pylon  
  52  4:04  Probe (Chrono Boost)  
  52  4:06  Probe (Chrono Boost)  
  51  4:10  Probe  
  51  4:13  Probe, Stalker  
  53  4:22  Nexus  
  51  4:24  Probe  
  51  4:25  Sentry, Pylon  
  54  4:32  Probe, Forge  
  54  4:34  Observer  
  54  4:45  Adept  
  54  4:50  Adept  
  54  4:52  Gateway  
  56  4:53  Gateway  
  56  4:56  Probe, Pylon  
  56  4:59  Assimilator  
  57  5:00  Assimilator  
  57  5:01  Probe  
  57  5:02  Protoss Ground Weapons Level 1 (Chrono Boost)  
  58  5:09  Nexus  
  58  5:11  Pylon  
  58  5:14  Immortal (Chrono Boost)  
  58  5:21  Probe x2  
  60  5:27  Gateway  
  60  5:31  Sentry, Adept  
  56  5:39  Pylon x2  
  56  5:44  Probe  
  56  5:45  Probe  
  56  5:46  Adept  
  56  5:49  Sentry, Gateway  
  62  5:56  Probe (Chrono Boost)  
  63  5:57  Probe (Chrono Boost)  
  63  5:58  Stalker  
  63  6:00  Stalker  
  68  6:05  Warp Prism  
  68  6:08  Probe (Chrono Boost)  
  72  6:13  Probe (Chrono Boost)  
  72  6:16  Robotics Bay  
  72  6:18  Probe (Chrono Boost)  
  73  6:23  Probe (Chrono Boost)  
  73  6:25  Pylon, Probe (Chrono Boost)  
  75  6:30  Zealot x2  
  75  6:32  Sentry, Probe x2 (Chrono Boost)  
  81  6:33  Sentry  
  81  6:35  Probe (Chrono Boost)  
  81  6:38  Probe  
  81  6:39  Twilight Council  
  87  6:44  Probe  
  87  6:46  Probe  
  89  6:51  Probe  
  89  6:53  Pylon  
  90  6:54  Zealot x2  
  90  6:55  Zealot x2  
  90  6:56  Sentry x2  
  90  7:01  Assimilator  
  102  7:05  Assimilator  
  102  7:07  Probe  
  103  7:13  Disruptor  
  106  7:17  Stalker x2  
  106  7:18  Zealot x2  
  114  7:23  Stalker  
  114  7:26  Probe  
  114  7:27  Pylon x2  
  107  7:30  Probe  
  107  7:31  Probe  
  103  7:44  Stalker x5  
  109  7:52  Stalker  
  109  7:56  Protoss Ground Weapons Level 2 (Chrono Boost)  
  109  7:58  Disruptor  
  105  8:09  Charge (Chrono Boost)  
  99  8:13  Zealot x5  
  109  8:21  Gateway  
  109  8:23  Gateway  
  109  8:25  Templar Archives  
  109  8:27  Gateway  
  109  8:31  Immortal (Chrono Boost)  
  113  8:42  Probe  
  113  8:43  Probe  
  113  8:45  Shield Battery  
  113  8:46  Zealot  
  113  8:47  Pylon  
  117  8:48  Probe  
  117  8:54  Pylon  
  118  9:00  Stalker x3  
  118  9:01  Stalker x2  
  128  9:04  Colossus (Chrono Boost)  
  128  9:08  Pylon  
  134  9:21  High Templar x2  
  138  9:26  Archon  
  138  9:30  Nexus  
  138  9:31  Pylon  
  138  9:35  Pylon  
  138  9:44  High Templar x2  
  142  9:46  Zealot x5  
  142  9:49  Archon  
  152  9:58  Colossus (Chrono Boost)  
  139  10:07  Zealot x2  
  139  10:08  Zealot x5  
  139  10:11  Pylon  
  139  10:13  Photon Cannon  
  139  10:14  Pylon  
  133  10:34  Zealot x8  
  133  10:35  Zealot  
  88  10:59  High Templar x5  
  88  11:03  Archon x2  
  86  11:04  High Templar  
  86  11:05  Zealot x3  
  86  11:09  Archon  
  71  11:26  Zealot x4  
  71  11:29  Zealot  
  65  11:34  Zealot x4  
Show
View Real Time Build Order
Export as new Build Order

Serral Zerg - Winner!

Build Orders: Hatch First 

Get SALT Encoding   

  12  0:00  Drone  
  13  0:08  Drone  
  14  0:16  Overlord  
  14  0:35  Drone x3  
  17  0:51  Hatchery  
  17  0:55  Drone  
  17  0:58  Drone  
  18  1:09  Extractor  
  17  1:14  Spawning Pool  
  17  1:16  Drone  
  17  1:20  Drone  
  18  1:30  Drone  
  19  1:40  Drone  
  20  1:50  Overlord  
  20  2:01  Queen  
  20  2:03  Queen  
  20  2:04  Zergling x4  
  26  2:09  Metabolic Boost  
  26  2:13  Zergling x2  
  26  2:14  Drone  
  29  2:22  Drone  
  29  2:25  Drone  
  30  2:35  Hatchery  
  29  2:39  Drone  
  29  2:41  Drone  
  31  2:49  Queen  
  33  2:52  Overlord  
  33  2:55  Drone  
  34  2:58  Drone  
  34  2:59  Drone  
  36  3:06  Overlord  
  36  3:13  Drone x4  
  36  3:16  Drone x2  
  42  3:23  Queen  
  42  3:25  Drone  
  45  3:28  Drone  
  45  3:32  Queen  
  47  3:37  Overlord  
  47  3:38  Zergling x2  
  47  3:39  Zergling x2  
  49  3:41  Zergling x2  
  49  3:46  Overlord  
  49  3:48  Zergling x4  
  52  3:51  Zergling x2  
  52  3:52  Zergling x2  
  54  3:58  Zergling x8  
  54  4:02  Zergling x4  
  60  4:07  Zergling x2  
  57  4:11  Zergling x4  
  57  4:15  Overlord  
  56  4:19  Drone x2  
  56  4:20  Drone  
  58  4:26  Overlord  
  58  4:27  Drone  
  58  4:28  Drone  
  60  4:35  Roach Warren  
  60  4:37  Drone x2  
  60  4:39  Drone  
  60  4:41  Drone  
  60  4:42  Zergling x2  
  60  4:45  Drone  
  62  4:47  Drone x2  
  62  4:50  Zergling x4  
  63  4:54  Zergling x4  
  63  5:00  Zergling x2  
  63  5:01  Zergling x6  
  63  5:02  Spore Crawler  
  63  5:06  Drone x2  
  68  5:09  Drone  
  69  5:14  Drone x4  
  69  5:19  Drone  
  69  5:21  Lair  
  70  5:24  Extractor, Drone  
  70  5:25  Extractor, Drone  
  70  5:26  Overlord  
  70  5:31  Drone x3  
  70  5:33  Drone  
  70  5:35  Drone  
  71  5:43  Drone x4  
  71  5:46  Drone x3  
  71  5:48  Drone, Hatchery  
  71  5:49  Overlord  
  78  5:55  Evolution Chamber  
  77  5:57  Drone  
  77  5:58  Drone x3  
  77  6:03  Drone, Overlord  
  82  6:07  Drone  
  82  6:08  Extractor x2  
  82  6:09  Drone x2  
  82  6:11  Overlord  
  83  6:12  Baneling Nest  
  83  6:14  Roach x3  
  88  6:20  Glial Reconstitution  
  88  6:22  Zerg Missile Weapons Level 1  
  88  6:25  Roach x4  
  96  6:32  Roach x4  
  104  6:34  Overlord  
  104  6:35  Overseer  
  104  6:38  Unknown, Overlord  
  104  6:39  Overseer  
  103  6:43  Roach  
  103  6:44  Overlord x2  
  104  6:49  Ravager x2  
  104  6:53  Zergling x10  
  109  6:55  Ravager  
  109  6:59  Zergling x8  
  109  7:01  Centrifugal Hooks  
  114  7:06  Zergling x8, Roach x2  
  120  7:09  Zergling x2, Roach  
  120  7:12  Zergling x6  
  124  7:22  Roach x4  
  129  7:24  Zergling x2, Roach x2  
  129  7:28  Zergling x2  
  129  7:29  Ravager x2  
  127  7:39  Roach x8  
  127  7:44  Overlord  
  138  7:46  Zergling x4  
  135  7:53  Zergling x6  
  135  7:58  Zergling x6  
  136  8:02  Zergling x2  
  133  8:05  Infestation Pit  
  133  8:10  Drone x6  
  138  8:16  Zerg Melee Weapons Level 1  
  138  8:17  Drone x4  
  142  8:20  Drone x4  
  142  8:23  Zergling x2  
  147  8:27  Zergling x2  
  147  8:28  Zergling x2  
  147  8:31  Zergling x4  
  151  8:35  Evolution Chamber  
  151  8:37  Baneling x8  
  151  8:38  Ravager  
  151  8:39  Zergling x2  
  152  8:42  Overlord x5  
  152  8:45  Hive  
  152  8:52  Hatchery  
  151  8:58  Zergling x2  
  152  9:02  Zerg Missile Weapons Level 2  
  152  9:06  Zergling x20  
  152  9:07  Zergling x6  
  152  9:09  Baneling x7  
  165  9:12  Zergling x8  
  165  9:14  Baneling x4  
  165  9:21  Zergling x10  
  165  9:22  Spore Crawler  
  169  9:28  Drone  
  169  9:29  Overlord  
  169  9:30  Drone  
  171  9:32  Pneumatized Carapace  
  171  9:35  Zergling x2  
  171  9:36  Zergling x10  
  171  9:38  Zergling x2  
  178  9:41  Drone  
  178  9:43  Zergling x2  
  178  9:44  Zergling x6  
  182  9:49  Baneling x17  
  182  9:57  Adrenal Glands  
  182  9:58  Ultralisk Cavern  
  178  10:05  Zergling x26  
  188  10:14  Baneling x16  
  188  10:16  Zergling x14  
  187  10:23  Zergling x2  
  187  10:24  Zergling x8  
  161  10:29  Zergling x8  
  161  10:31  Roach x3  
  156  10:37  Roach x5  
  156  10:39  Roach x3  
  159  10:46  Zergling x2  
  159  10:48  Zergling x14  
  159  10:51  Baneling x6  
  159  10:52  Baneling  
  159  10:53  Roach x2  
  159  10:54  Roach  
  154  11:00  Zergling x12  
  154  11:04  Roach x2  
  156  11:08  Roach x3  
  157  11:14  Ravager x4  
  157  11:15  Baneling x4  
  157  11:16  Zergling x10  
  159  11:25  Zergling x2  

Tags
 
Add a new tag
Caveats
  • Supply blocks, unpowered buildings, or Contaminate may cause inaccurate times.
  • Supply counts are checked every 10 seconds.